 Dungeon Crawl Stone Soup version 0.19-a0-291-ga637243 (webtiles) character file.

95 tsouns the Sneak (level 4, 0/29 HPs)
             Began as an Octopode Assassin on May 27, 2016.
             Slain by Natasha (9 damage)
             ... on level 3 of the Dungeon.
             The game lasted 00:05:53 (2007 turns).

tsouns the Sneak (Octopode Assassin)                Turns: 2007, Time: 00:05:54

Health: 0/29       AC:  1    Str: 10    XL:     4   Next: 66%
Magic:  4/4        EV: 17    Int: 14    God:
Gold:   180        SH:  0    Dex: 18    Spells: 0 memorised, 3 levels left

rFire  . . .     SeeInvis .     a - +2 dagger
rCold  . . .     Gourm    .     (no shield)
rNeg   . . .     Faith    .     (helmet restricted)
rPois  .         Spirit   .     (no amulet)
rElec  .         Dismiss  .     k - ring of protection from magic
rCorr  .         Reflect  .     (no ring)
SustAt .         Harm     .     (no ring)
MR     +....                    (no ring)
Stlth  ++++......               (no ring)
                                (no ring)
                                (no ring)
                                (no ring)

@: confused, agile, somewhat resistant to hostile enchantments, stealthy
A: almost no armour, amphibious, 8 rings, constrict 8, camouflage 1, gelatinous
body 1
a: no special abilities


You were on level 3 of the Dungeon.
You were not hungry.

You visited 1 branch of the dungeon, and saw 3 of its levels.

You collected 180 gold pieces.

Inventory:

Hand Weapons
 a - a +2 dagger (weapon)
 b - a +0 blowgun
Missiles
 c - 22 poisoned needles
 d - 2 curare-tipped needles
 e - 6 poisoned tomahawks
 g - 56 stones (quivered)
Jewellery
 k - a ring of protection from magic (left tentacle)
Scrolls
 n - a scroll of amnesia
 o - 3 scrolls of remove curse
 q - a scroll of enchant armour
 t - 2 scrolls of teleportation
 u - a scroll of fear {unknown}
Potions
 h - a potion of haste
 j - a potion of brilliance
 m - a potion of cancellation
 p - 2 potions of mutation
Comestibles
 f - 4 bread rations
 i - a chunk of flesh
 l - a meat ration
 w - a beef jerky


   Skills:
 - Level 2.0 Fighting
 + Level 3.6 Short Blades
 - Level 2.0 Throwing
 - Level 1.0 Dodging
 + Level 6.8 Stealth


You had 3 spell levels left.
You didn't know any spells.

Dungeon Overview and Level Annotations

Branches:
Dungeon (3/15)

Altars:
Dithmenos

Annotations:
D:3 Natasha


Innate Abilities, Weirdness & Mutations

You cannot wear most types of armour.
You are amphibious.
You can wear up to eight rings at the same time.
You can use your tentacles to constrict eight enemies at once.
Your skin changes colour to match your surroundings (Stealth+).
Your rubbery body absorbs attacks. (AC +1)


Message History

Natasha, Servant of Life and Death comes into view.
Natasha closely misses you.
You hit Natasha. Your grab misses Natasha.
Natasha is lightly wounded.
Natasha closely misses you.
You hit Natasha. Your grab misses Natasha.
Natasha is moderately wounded.
Natasha claws you!
* * * LOW HITPOINT WARNING * * *
Unknown command.
Drink which item? (? for menu, Esc to quit)
You are confused.
You feel invigorated. Natasha barely misses you.
Natasha stares at you and mumbles some strange words.
The magic dart hits you!
* * * LOW HITPOINT WARNING * * *
Natasha claws you.
* * * LOW HITPOINT WARNING * * *
Natasha claws you!
You die...

##.#.........# #.#
#.##.##.##.#.# #.#
.###.##.# .# # #.# ##
#.##.##.# #.# #.##.#
.#.#### #.# #.##.# §.
...# ##.#### #.##.#
... #.####.....#
#.##.#
##§##..h.....†.#######
#§§.#.@###...........#
...#§#.#§#.#
#.....#####.#
....§.§§§§§# #.....#
#.# #.##§#§#§###
####.## #(# §§§## #.#
#.# #§# #.# #.# #. #.#
#.# # #.# #.# ### #.#


You could see Natasha.

Vanquished Creatures
  Natasha (D:3)
  2 adders
  An ooze (D:3)
  2 giant geckos
  A ball python (D:1)
  A bat (D:1)
  3 giant cockroaches
  6 goblins
  8 hobgoblins
  7 jackals
  3 giant newts (D:1)
  5 kobolds
  3 rats
43 creatures vanquished.

Notes
Turn   | Place    | Note
--------------------------------------------------------------
     0 | D:1      | tsouns the Octopode Assassin began the quest for the Orb.
     0 | D:1      | Reached XP level 1. HP: 14/14 MP: 1/1
   374 | D:1      | Reached XP level 2. HP: 19/19 MP: 2/2
   716 | D:1      | Reached skill level 6 in Stealth
   720 | D:1      | Reached XP level 3. HP: 19/24 MP: 3/3
  1696 | D:3      | Reached XP level 4. HP: 19/29 MP: 4/4
  1978 | D:3      | Noticed Natasha
  1979 | D:3      | Found a shadowy altar of Dithmenos.
  1994 | D:3      | Killed Natasha
  2001 | D:3      | Noticed Natasha
  2007 | D:3      | Slain by Natasha

Vault maps used:
D:1:      lightli_arrival_statue_moat, hangedman_decor_diamond_cutter
D:2:      first_bread
D:3:      overflow_temple_1_default, grunt_dithmenos_smoke_and_mirrors,
          marbit_many_paths, lemuel_round_altar, kennysheep_orc_chapel,
          uniq_natasha

Skill      XL: |  1  2  3 |
---------------+----------+-----
Stealth        | 6 |  6.8
Short Blades   | 3 |  3.6
Fighting       | |  2.0
Throwing       | |  2.0
Dodging        | |  1.0

Action                   |  1- 3 |  4- 6 || total
-------------------------+-------+-------++-------
Melee: Dagger            |    75 |    13 ||    88
       Constrict         |    17 |     1 ||    18
       Tentacles         |    10 |     1 ||    11
  Use: Scroll            |    11 |     1 ||    12
       Potion            |       |     2 ||     2
 Stab: Sleeping          |    10 |     3 ||    13
  Eat: Chunk             |     2 |     1 ||     3
Armor: Skin              |     6 |       ||     6
Dodge: Dodged            |    27 |     6 ||    33
